 Dungeon Crawl Stone Soup version 0.29-a0-323-g050149af67 (webtiles) character file.

Game seed: 10965649122911491122

917 zishaf the Chiller (level 8, -2/57 HPs)
             Began as a Barachi Ice Elementalist on Apr 11, 2022.
             Was a Follower of Hepliaklqana.
             Killed by vampiric draining
             ... invoked by a vampire
              (16 damage)
             ... on level 5 of the Dungeon.
             The game lasted 00:12:29 (5881 turns).

zishaf the Chiller (Barachi Ice Elementalist)       Turns: 5881, Time: 00:12:29

Health: -2/57      AC: 16    Str: 10    XL:     8   Next: 9%
Magic:  10/15      EV: 12    Int: 18    God:    Hepliaklqana [*.....]
Gold:   240        SH:  0    Dex: 12    Spells: 6/17 levels left

rFire   . . .      SeeInvis .   a - +4 dagger
rCold   . . .      Faith    .   (no shield)
rNeg    . . .      Spirit   .   d - +0 robe
rPois   .          Reflect  .   h - +0 helmet
rElec   .          Harm     .   l - +1 cloak
rCorr   .          Rampage  .   (no gloves)
Will    .....                   (no boots)
Stlth   ++........              (no amulet)
HPRegen 0.19/turn               t - +4 ring of protection
MPRegen 0.14/turn               g - +4 ring of slaying

@: ice-armoured, slow
A: reduced essence, amphibious, slowness 1, strong legs 1, +LOS
a: Hop, Renounce Religion, Recall Ancestor, Ancestor Identity


You were on level 5 of the Dungeon.
You worshipped Hepliaklqana.
Hepliaklqana was aware of your devotion.
You visited 1 branch of the dungeon, and saw 5 of its levels.

You collected 240 gold pieces.

Inventory:

Hand Weapons
 a - a +4 dagger (weapon)
 b - a +0 hunting sling
Armour
 d - a +0 robe (worn)
 h - a +0 helmet (worn)
 l - a +1 cloak (worn)
Jewellery
 g - a +4 ring of slaying (right hand)
 t - a +4 ring of protection (left hand)
 v - the ring "Zyberovowk" {rCorr Dex+5 SInv}
   (You found it on level 3 of the Dungeon)

   [ring of resist corrosion]

   Dex:       It affects your dexterity (+5).
   SInv:      It lets you see invisible.
   rCorr:     It protects you from acid and corrosion.
Wands
 m - a wand of charming (10)
Scrolls
 j - 3 scrolls of teleportation
 k - 2 scrolls of identify
 o - a scroll of magic mapping
Potions
 c - a potion of magic
 e - 2 potions of brilliance
 f - a potion of haste
 i - a potion of heal wounds
 n - a potion of might
 r - 3 potions of degeneration
 s - 3 potions of curing


   Skills:
 + Level 5.9 Fighting
 - Level 2.1 Dodging
 - Level 1.7 Stealth
 - Level 5.0 Spellcasting
 + Level 2.3 Conjurations
 + Level 7.9 Ice Magic


You had 6 spell levels left.
You knew the following spells:

 Your Spells              Type           Power      Damage    Failure   Level
a - Freeze                Ice            100%       1d11      1%          1
b - Frozen Ramparts       Ice            64%        1d8       1%          3
c - Ozocubu's Armour      Ice            32%        N/A       1%          3
d - Hailstorm             Conj/Ice       23%        3d7       16%         4

Your spell library contained the following spells:

 Spells                   Type           Power      Damage    Failure   Level


Dungeon Overview and Level Annotations

Branches:
Dungeon (5/15)             Temple (0/1) D:5

Altars:
Ashenzari
Gozag
Hepliaklqana
Makhleb
Qazlal
Trog


Innate Abilities, Weirdness & Mutations

Your life essence is reduced to manifest your ancestor. (-10% HP)
You are amphibious.
You cover ground slowly.
You can hop short distances.
You have an extended range of vision and can be seen from far away.


Message History

Deactivating autopickup; reactivate with Ctrl-A.
Casting: Frozen Ramparts (safe; 1% risk of failure)
Confirm with . or Enter, or press ? or * to list all spells.
You can't see any susceptible monsters within range! (Use Z to cast anyway.)
Casting: Frozen Ramparts (safe; 1% risk of failure)
Confirm with . or Enter, or press ? or * to list all spells.
Casting: Frozen Ramparts (safe; 1% risk of failure)
Press: ? - help, Dir - look around, f - activate The walls around you are covered in ice.
Casting: Frozen Ramparts (safe; 1% risk of failure)
Confirm with . or Enter, or press ? or * to list all spells.
A film of ice covers your body!
The wall freezes something.
Your icy armour and frozen ramparts will break if you move.
Continue? [Y]es or [N]o only, please.
Your icy armour and frozen ramparts will break if you move.
Continue?
Okay, then.
You closely miss something.
The wall freezes something but does no damage.
Something hits you but does no damage. Something bites you but does no damage.
You hit something.
Friðuswiþ hits something.
The wall freezes something.
Something hits you! Something bites you but does no damage.
You hit something.
Friðuswiþ hits something.
The wall freezes something.
Something hits you but does no damage. Something bites you but does no damage.
You hit something.
Friðuswiþ hits something.
The wall freezes something.
Something draws life force from you!
You closely miss something.
Friðuswiþ hits something.
The wall freezes something.
Something hits you but does no damage. Something bites you.
Something draws strength from your injuries!
You completely miss something.
Friðuswiþ hits something.
The wall freezes something.
Something draws life force from you!
You miss something.
Friðuswiþ hits something but does no damage.
The wall freezes something but does no damage.
Something hits you but does no damage. Something bites you!
* * * LOW HITPOINT WARNING * * *
Something draws strength from your injuries!
You puncture something!
The frozen ramparts melt away.
Friðuswiþ hits something.
Something draws life force from you!
You die...

.# #...# #.#######.#......####..
.# #...# #...................'..
.####...###>[...........#######..
....'...'...#########.#..### #...
#####...#######............# #.##
†.###...#####....####.##.#.# #.##
..##............# #.##.#.# #.##
..##...........{#####.##...###.##
...'...........R@...#.###......##
..##................#.# #.#######
..##................'.###..#### #
..##................###.......# #
..##................# #.......# #
'###................# #.?.....###
.# #................# #..........
.#########.)........# #..........
........##...###....# #..........


You could see the friendly Friðuswiþ the ancestor.

Vanquished Creatures
  Edmund (D:5)
  An ice beast (D:5)
  A sky beast (D:5)
  A black bear (D:4)
  A scorpion (D:5)
  2 orc priests
  2 iguanas
  4 orc wizards
  4 gnolls (D:3)
  8 adders
  A worm (D:4)
  4 dart slugs
  21 orcs
  9 endoplasms
  A giant cockroach (D:1)
  9 goblins
  9 hobgoblins
  6 jackals
  7 kobolds
  5 quokkas
  7 ball pythons
  7 bats
  4 frilled lizards
  4 rats
119 creatures vanquished.

Notes
Turn   | Place    | Note
-------+----------+-------------------------------------------
     0 | D:1      | zishaf the Barachi Ice Elementalist began the quest for the
                  | Orb.
     0 | D:1      | Reached XP level 1. HP: 13/13 MP: 3/3
   303 | D:1      | Reached skill level 5 in Ice Magic
   388 | D:1      | Reached skill level 1 in Fighting
   388 | D:1      | Reached XP level 2. HP: 21/21 MP: 5/5
   898 | D:1      | Reached XP level 3. HP: 24/26 MP: 2/7
   956 | D:1      | Learned a level 3 spell: Frozen Ramparts
   960 | D:1      | Learned a level 3 spell: Ozocubu's Armour
  1840 | D:2      | Reached XP level 4. HP: 34/34 MP: 6/8
  2235 | D:3      | Found an opulent altar of Gozag.
  2451 | D:3      | Reached XP level 5. HP: 23/40 MP: 6/10
  2758 | D:3      | Identified the ring "Zyberovowk" {rCorr Dex+5 SInv}
  2773 | D:3      | Reached skill level 6 in Ice Magic
  3109 | D:4      | Found a hazy altar of Hepliaklqana.
  3448 | D:4      | Noticed a black bear
  3458 | D:4      | Killed a black bear
  3459 | D:4      | Reached XP level 6. HP: 35/48 MP: 3/12
  3648 | D:4      | Found a bloodstained altar of Trog.
  3649 | D:4      | Found a stormy altar of Qazlal.
  4044 | D:4      | Found a broken altar of Ashenzari.
  4067 | D:4      | Found a burning altar of Makhleb.
  4658 | D:4      | Became a worshipper of Hepliaklqana the Forgotten
  4719 | D:5      | Entered Level 5 of the Dungeon
  4733 | D:5      | Reached XP level 7. HP: 51/55 MP: 9/14
  4862 | D:5      | Found a staircase to the Ecumenical Temple.
  4906 | D:5      | Noticed Edmund
  4919 | D:5      | Killed Edmund
  4920 | D:5      | Reached skill level 5 in Fighting
  4920 | D:5      | Reached skill level 5 in Spellcasting
  4920 | D:5      | Reached skill level 7 in Ice Magic
  4990 | D:5      | Noticed a vampire
  5125 | D:5      | Learned a level 4 spell: Hailstorm
  5144 | D:5      | Reached skill level 1 in Conjurations
  5424 | D:5      | Reached XP level 8. HP: 58/64 MP: 11/15
  5584 | D:5      | Reached * piety under Hepliaklqana
  5881 | D:5      | Killed from afar by a vampire

Illustrated notes

Levels and vault maps discovered:
D:1:      shiori_arrival_elements, layout_loops_corners
D:2:      layout_basic
D:3:      layout_basic, grunt_gozag_statues
D:4:      minmay_inner_zag, layout_cave_pods, overflow_temple_1_default,
          gammafunk_temple_overflow_statue, mainiacjoe_overflow_catch_the_wave
D:5:      layout_basic, minmay_temple_entry_mist, uniq_edmund

Skill      XL: |  1  2  3  4  5  6  7 |
---------------+----------------------+-----
Ice Magic      | 5 6 7 |  7.9
Fighting       | 1 2 4 5 |  5.9
Spellcasting   | 3 4 5 |  5.0
Conjurations   | 2 |  2.3
Dodging        | |  2.1
Stealth        | |  1.7

Action                   |  1- 3 |  4- 6 |  7- 9 || total
-------------------------+-------+-------+-------++-------
Melee: Short sword       |    18 |     1 |       ||    19
       Unarmed           |     1 |       |       ||     1
       Dagger            |       |    58 |    39 ||    97
       Punch             |       |       |     1 ||     1
 Fire: Hunting sling     |     1 |       |       ||     1
 Cast: Freeze            |    50 |    53 |    15 ||   118
       Frozen Ramparts   |     1 |     9 |     4 ||    14
       Ozocubu's Armour  |       |     1 |     3 ||     4
 Abil: Hop               |       |     2 |       ||     2
  Use: Scroll            |       |    13 |     1 ||    14
 Stab: Sleeping          |     4 |     1 |     1 ||     6
Armor: Robe              |    13 |    46 |    23 ||    82
Dodge: Dodged            |    40 |    72 |    22 ||   134

Table legend: (Time is in decaauts)
 A = Elapsed time spent in this place.
 B = Non-inter-level travel time spent in this place.
 C = Inter-level travel time spent in this place.
 D = Time resting spent in this place.
 E = Time spent auto-exploring this place.
 F = Levels seen in this place.
 G = Mean time per level.
                   A        B        C        D        E       F      G
               +--------+--------+--------+--------+--------+-----+--------+
         Total |   6613 |   6244 |    369 |    263 |   4904 |   5 | 1322.6 |
       Dungeon |   6613 |   6244 |    369 |    263 |   4904 |   5 | 1322.6 |
               +--------+--------+--------+--------+--------+-----+--------+

Top non-repeatable levels by time:
     D:4: 1699 daAuts
     D:1: 1384 daAuts
     D:5: 1307 daAuts
     D:3: 1159 daAuts
     D:2: 1064 daAuts
